TOP OF THE 1ST |
Oakland Oaks batting - Pitching for Colorado Avalanche : RHP Jalen Young
|
Pitching: RHP Jalen Young
|
|
Batting: RHB Scott Lister
|
0-0: Called Strike 0-1: Foul Ball, location: 2F 0-2: Ball 1-2: Foul Ball, location: 2F 1-2: SINGLE (Line Drive, 8RM, EV 91.9 MPH)
|
Batting: RHB Chris Bohm
|
0-0: Ball 1-0: Called Strike 1-1: Ball 2-1: Fly out, F7 (Flyball, 7D, EV 104.4 MPH)
|
Batting: SHB D.J. Codd
|
0-0: Called Strike Scott Lister steals 2nd base 0-1: SINGLE (Groundball, 3D, EV 95.6 MPH) Scott Lister to third Runner from 3rd tries for Home, SAFE, throw by RF to home D.J. Codd to second
|
Batting: LHB Alejandro Muniz
|
0-0: Ball 1-0: Ball 2-0: Fly out, F5 (Flyball, 5D, EV 85.0 MPH)
|
Batting: LHB Gregg Power
|
0-0: Fly out, F1 (Popup, P, EV 87.5 MPH)
|
Top of the 1st over - 1 run, 2 hits, 0 errors, 1 left on base; Oakland 1 - Colorado 0 |
BOTTOM OF THE 1ST |
Colorado Avalanche batting - Pitching for Oakland Oaks : LHP Kevin Clark
|
Pitching: LHP Kevin Clark
|
|
Batting: SHB Jamie Mims
|
0-0: Ball 1-0: Called Strike 1-1: Foul Ball, location: 2F 1-2: Strikes out swinging
|
Batting: RHB Doug D'Onofrio
|
0-0: Called Strike 0-1: Ball 1-1: SINGLE (Line Drive, 4MD, EV 101.9 MPH)
|
Batting: RHB Zakhar Edelman
|
0-0: Foul Ball, location: 2F 0-1: Foul Ball, location: 2F 0-2: Strikes out looking
|
Batting: RHB John Corfield
|
0-0: Ball 1-0: Foul Ball, location: 2F 1-1: Ball 2-1: Foul Ball, location: 2F 2-2: Ball 3-2: Strikes out swinging
|
Bottom of the 1st over - 0 runs, 1 hit, 0 errors, 1 left on base; Oakland 1 - Colorado 0 |
TOP OF THE 2ND |
Oakland Oaks batting - Pitching for Colorado Avalanche : RHP Jalen Young
|
Batting: RHB Tim Cordle
|
0-0: Ball 1-0: Ball 2-0: Foul Ball, location: 2F 2-1: Ground out 6-3 (Groundball, 6, EV 78.8 MPH)
|
Batting: RHB Tim Anderson
|
0-0: Foul Ball, location: 2F 0-1: Fly out, F9 (Flyball, 9D, EV 105.0 MPH)
|
Batting: RHB Travis Robinson
|
0-0: Fly out, F8 (Line Drive, 8RM, EV 92.5 MPH)
|
Top of the 2nd over - 0 runs, 0 hits, 0 errors, 0 left on base; Oakland 1 - Colorado 0 |
BOTTOM OF THE 2ND |
Colorado Avalanche batting - Pitching for Oakland Oaks : LHP Kevin Clark
|
Batting: LHB Paul McClintock
|
0-0: Ball 1-0: Ground out 5-3 (Groundball, 56, EV 89.4 MPH)
|
Batting: RHB Bob Hayes
|
0-0: Called Strike 0-1: Ball 1-1: Ball 2-1: Ball 3-1: Foul Ball, location: 2F 3-2: Strikes out swinging
|
Batting: LHB Michael Krott
|
0-0: Called Strike 0-1: Foul Ball, location: 2F 0-2: Strikes out swinging
|
Bottom of the 2nd over - 0 runs, 0 hits, 0 errors, 0 left on base; Oakland 1 - Colorado 0 |
TOP OF THE 3RD |
Oakland Oaks batting - Pitching for Colorado Avalanche : RHP Jalen Young
|
Batting: RHB Gojko Golob
|
0-0: Ball 1-0: Swinging Strike 1-1: Swinging Strike 1-2: Ball 2-2: Strikes out swinging
|
Batting: RHB Scott Lister
|
0-0: Called Strike 0-1: Ball 1-1: Called Strike 1-2: Strikes out swinging
|
Batting: RHB Chris Bohm
|
0-0: Ball 1-0: Foul Ball, location: 2F 1-1: Ball 2-1: Fly out, F7 (Flyball, 7D, EV 102.5 MPH)
|
Top of the 3rd over - 0 runs, 0 hits, 0 errors, 0 left on base; Oakland 1 - Colorado 0 |
BOTTOM OF THE 3RD |
Colorado Avalanche batting - Pitching for Oakland Oaks : LHP Kevin Clark
|
Batting: RHB Mike McElroy
|
0-0: SINGLE (Groundball, 4M, EV 103.8 MPH) (infield hit)
|
Batting: RHB Manny Thompson
|
0-0: Called Strike Mike McElroy steals 2nd base 0-1: Called Strike 0-2: Foul Ball, location: 2F 0-2: Ball 1-2: Strikes out swinging
|
Batting: SHB Jamie Mims
|
0-0: Foul Ball, location: 2F 0-1: SINGLE (Line Drive, 89S, EV 103.1 MPH) Mike McElroy to third
|
Batting: RHB Doug D'Onofrio
|
0-0: Ball 1-0: Ball 2-0: Swinging Strike 2-1: Swinging Strike 2-2: Ball 3-2: Strikes out looking
|
Batting: RHB Zakhar Edelman
|
0-0: Called Strike 0-1: SINGLE (Flyball, 89S, EV 96.2 MPH) Mike McElroy scores Jamie Mims to second
|
Batting: RHB John Corfield
|
0-0: Fielders Choice at 2nd, 6-4 (Groundball, 6, EV 90.0 MPH)
|
Bottom of the 3rd over - 1 run, 3 hits, 0 errors, 2 left on base; Oakland 1 - Colorado 1 |
TOP OF THE 4TH |
Oakland Oaks batting - Pitching for Colorado Avalanche : RHP Jalen Young
|
Batting: SHB D.J. Codd
|
0-0: Called Strike 0-1: Fly out, F9 (Flyball, 9, EV 95.6 MPH)
|
Batting: LHB Alejandro Muniz
|
0-0: Called Strike 0-1: Fly out, F6 (Popup, 4MD, EV 67.5 MPH)
|
Batting: LHB Gregg Power
|
0-0: Called Strike 0-1: Foul Ball, location: 2F 0-2: Fly out, F7 (Line Drive, 7, EV 108.1 MPH)
|
Top of the 4th over - 0 runs, 0 hits, 0 errors, 0 left on base; Oakland 1 - Colorado 1 |
BOTTOM OF THE 4TH |
Colorado Avalanche batting - Pitching for Oakland Oaks : LHP Kevin Clark
|
Batting: LHB Paul McClintock
|
0-0: Ground out U3 (Groundball, 3L, EV 90.0 MPH)
|
Batting: RHB Bob Hayes
|
0-0: Foul Ball, location: 2F 0-1: Called Strike 0-2: Ball 1-2: Strikes out looking
|
Batting: LHB Michael Krott
|
0-0: Ball 1-0: Called Strike 1-1: Called Strike 1-2: Ball 2-2: Ball 3-2: Foul Ball, location: 2F 3-2: Reached on error, E6 (Flyball, 6D, EV 88.8 MPH)
|
Batting: RHB Mike McElroy
|
0-0: Called Strike 0-1: Foul Ball, location: 2F 0-2: Strikes out swinging
|
Bottom of the 4th over - 0 runs, 0 hits, 1 error, 1 left on base; Oakland 1 - Colorado 1 |
TOP OF THE 5TH |
Oakland Oaks batting - Pitching for Colorado Avalanche : RHP Jalen Young
|
Batting: RHB Tim Cordle
|
0-0: Foul Ball, location: 2F 0-1: Ball 1-1: Swinging Strike 1-2: Foul Ball, location: 2F 1-2: SINGLE (Line Drive, 89M, EV 103.1 MPH)
|
Batting: RHB Tim Anderson
|
0-0: Ball 1-0: Fly out, F4 (Flyball, 4D, EV 97.5 MPH)
|
Batting: RHB Travis Robinson
|
0-0: Ball 1-0: Swinging Strike 1-1: Swinging Strike 1-2: Strikes out swinging
|
Batting: RHB Gojko Golob
|
0-0: Ball 1-0: Foul Ball, location: 2F 1-1: Swinging Strike 1-2: Foul Ball, location: 2F 1-2: Foul Ball, location: 2F 1-2: Foul Ball, location: 2F 1-2: Fly out, F7 (Flyball, 78S, EV 88.1 MPH)
|
Top of the 5th over - 0 runs, 1 hit, 0 errors, 1 left on base; Oakland 1 - Colorado 1 |
BOTTOM OF THE 5TH |
Colorado Avalanche batting - Pitching for Oakland Oaks : LHP Kevin Clark
|
Batting: RHB Manny Thompson
|
0-0: Foul Ball, location: 2F 0-1: Called Strike 0-2: Ball 1-2: Ball 2-2: Ball 3-2: Strikes out looking
|
Batting: SHB Jamie Mims
|
0-0: Called Strike 0-1: Ball 1-1: Called Strike 1-2: Foul Ball, location: 2F 1-2: Ball 2-2: Foul Ball, location: 2F 2-2: SINGLE (Groundball, 56, EV 102.5 MPH)
|
Batting: RHB Doug D'Onofrio
|
0-0: Called Strike 0-1: Ball 1-1: Foul Ball, location: 2F 1-2: Foul Ball, location: 2F 1-2: SINGLE (Groundball, 6MD, EV 95.0 MPH) Jamie Mims to second Runner from 2nd tries for 3rd, SAFE, throw by CF made to third
|
Batting: RHB Zakhar Edelman
|
0-0: Ball 1-0: Ball Doug D'Onofrio is caught stealing 2nd base 2-4 2-0: Ball 3-0: Called Strike 3-1: Swinging Strike 3-2: Foul Ball, location: 2F 3-2: Fly out, F4 (Flyball, 4D, EV 95.6 MPH)
|
Bottom of the 5th over - 0 runs, 2 hits, 0 errors, 1 left on base; Oakland 1 - Colorado 1 |
TOP OF THE 6TH |
Oakland Oaks batting - Pitching for Colorado Avalanche : RHP Jalen Young
|
Batting: RHB Scott Lister
|
0-0: Ball 1-0: Ball 2-0: Foul Ball, location: 2F 2-1: Ball 3-1: Called Strike 3-2: SINGLE (Flyball, 3D, EV 91.2 MPH)
|
Batting: RHB Chris Bohm
|
0-0: Ball Scott Lister steals 2nd, throwing error, E2 Scott Lister to third 1-0: Squeeze Bunt to 25 - play home, runner scores, batter safe! Scott Lister scores
|
Batting: SHB D.J. Codd
|
0-0: Ball 1-0: Ball 2-0: Ball 3-0: Called Strike 3-1: 2-RUN HOME RUN (Line Drive, 7D, EV 101.9 MPH), Distance : 394 ft
|
Batting: LHB Alejandro Muniz
|
0-0: Called Strike 0-1: Ball 1-1: Ground out 4-3 (Groundball, 4, EV 102.5 MPH)
|
Batting: LHB Gregg Power
|
0-0: Ball 1-0: Ball 2-0: Called Strike 2-1: Fly out, F7 (Flyball, 78D, EV 101.2 MPH)
|
Batting: RHB Tim Cordle
|
0-0: Called Strike 0-1: Ball 1-1: Called Strike 1-2: Foul Ball, location: 2F 1-2: Ball 2-2: Foul Ball, location: 2F 2-2: Strikes out looking
|
Top of the 6th over - 3 runs, 2 hits, 1 error, 0 left on base; Oakland 4 - Colorado 1 |
BOTTOM OF THE 6TH |
Colorado Avalanche batting - Pitching for Oakland Oaks : LHP Kevin Clark
|
Pitching: RHP Kevin Endsley
|
|
Batting: RHB John Corfield
|
0-0: Foul Ball, location: 2F 0-1: Fly out, F9 (Flyball, 9LS, EV 92.5 MPH)
|
Batting: LHB Paul McClintock
|
0-0: Called Strike 0-1: Called Strike 0-2: Ball 1-2: Hit by Pitch
|
Pinch Hitting: LHB Jason Ryan
|
0-0: Ball 1-0: Ball 2-0: Ball 3-0: Called Strike 3-1: Called Strike 3-2: Base on Balls Paul McClintock to second
|
Batting: LHB Michael Krott
|
0-0: Ball 1-0: Swinging Strike 1-1: Ball 2-1: Swinging Strike 2-2: TRIPLE (Line Drive, 78XD, EV 108.1 MPH) Paul McClintock scores Jason Ryan scores
|
Batting: RHB Mike McElroy
|
0-0: Foul Ball, location: 2F 0-1: Foul Ball, location: 2F 0-2: Ball 1-2: Strikes out swinging
|
Batting: RHB Manny Thompson
|
0-0: Ball 1-0: Foul Ball, location: 2F 1-1: Ball 2-1: Fly out, F3 (Popup, 23F, EV 75.0 MPH)
|
Bottom of the 6th over - 2 runs, 1 hit, 0 errors, 1 left on base; Oakland 4 - Colorado 3 |
TOP OF THE 7TH |
Oakland Oaks batting - Pitching for Colorado Avalanche : RHP Jalen Young
|
Pitching: RHP Gorgonio Sigua
|
|
Now at SS: Craig Ruzic
|
|
Batting: RHB Tim Anderson
|
0-0: Foul Ball, location: 2F 0-1: Called Strike 0-2: Ball 1-2: Foul Ball, location: 2F 1-2: Fly out, F5 (Line Drive, 5, EV 65.0 MPH)
|
Pinch Hitting: LHB Augustin Cormier
|
0-0: Called Strike 0-1: Ball 1-1: Ball 2-1: Ball 3-1: Base on Balls
|
Batting: RHB Gojko Golob
|
0-0: Hit by Pitch Augustin Cormier to second
|
Batting: RHB Scott Lister
|
0-0: Called Strike 0-1: Ball 1-1: Foul Ball, location: 2F 1-2: Grounds into double play, 6-4-3 (Groundball, 6S, EV 89.4 MPH)
|
Top of the 7th over - 0 runs, 0 hits, 0 errors, 1 left on base; Oakland 4 - Colorado 3 |
BOTTOM OF THE 7TH |
Colorado Avalanche batting - Pitching for Oakland Oaks : RHP Kevin Endsley
|
Now in RF: Felipe Gomez
|
|
Batting: SHB Jamie Mims
|
0-0: Ball 1-0: Swinging Strike 1-1: Ball 2-1: Swinging Strike 2-2: Strikes out swinging
|
Batting: RHB Doug D'Onofrio
|
0-0: Called Strike 0-1: Foul Ball, location: 2F 0-2: Ball 1-2: Strikes out swinging
|
Batting: RHB Zakhar Edelman
|
0-0: Foul Ball, location: 2F 0-1: Fly out, F9 (Flyball, 89M, EV 90.6 MPH)
|
Bottom of the 7th over - 0 runs, 0 hits, 0 errors, 0 left on base; Oakland 4 - Colorado 3 |
TOP OF THE 8TH |
Oakland Oaks batting - Pitching for Colorado Avalanche : RHP Gorgonio Sigua
|
Batting: RHB Chris Bohm
|
0-0: Ball 1-0: Called Strike 1-1: Ball 2-1: Ball 3-1: Swinging Strike 3-2: Fly out, F8 (Flyball, 8LD, EV 95.6 MPH)
|
Batting: SHB D.J. Codd
|
0-0: Ball 1-0: Called Strike 1-1: Ground out 4-3 (Groundball, 4, EV 101.2 MPH)
|
Batting: LHB Alejandro Muniz
|
0-0: Ball 1-0: Ball 2-0: Ball 3-0: Called Strike 3-1: Hit by Pitch
|
Batting: LHB Gregg Power
|
0-0: Swinging Strike 0-1: Foul Ball, location: 2F 0-2: Ball 1-2: Ball 2-2: Foul Ball, location: 2F 2-2: Strikes out swinging
|
Top of the 8th over - 0 runs, 0 hits, 0 errors, 1 left on base; Oakland 4 - Colorado 3 |
BOTTOM OF THE 8TH |
Colorado Avalanche batting - Pitching for Oakland Oaks : RHP Kevin Endsley
|
Pitching: RHP Hisatada Sekiguchi
|
|
Now at 1B: Jason Dove
|
|
Pinch Hitting: LHB Luke Coulter
|
0-0: Foul Ball, location: 2F 0-1: Ball 1-1: Fly out, F9 (Flyball, 89D, EV 90.6 MPH)
|
Batting: LHB Paul McClintock
|
0-0: Ball 1-0: Called Strike 1-1: Called Strike 1-2: Ball 2-2: Foul Ball, location: 2F 2-2: Strikes out swinging
|
Batting: SHB Craig Ruzic
|
0-0: Called Strike 0-1: Called Strike 0-2: Foul Ball, location: 2F 0-2: Ball 1-2: Strikes out swinging
|
Bottom of the 8th over - 0 runs, 0 hits, 0 errors, 0 left on base; Oakland 4 - Colorado 3 |
TOP OF THE 9TH |
Oakland Oaks batting - Pitching for Colorado Avalanche : RHP Gorgonio Sigua
|
Pitching: RHP Jim Micaletti
|
|
Now at 1B: Luke Coulter
|
|
Pinch Hitting: LHB Marcus Pollard
|
0-0: Called Strike 0-1: Ground out U3 (Groundball, 3, EV 80.0 MPH)
|
Batting: RHB Tim Anderson
|
0-0: Ball 1-0: Ball 2-0: Foul Ball, location: 2F 2-1: Swinging Strike 2-2: Ball 3-2: Foul Ball, location: 2F 3-2: Base on Balls
|
Batting: LHB Felipe Gomez
|
Pickoff Throw to First - Error! E1 Tim Anderson to second 0-0: Intentional Walk
|
Batting: RHB Gojko Golob
|
0-0: Foul Ball, location: 2F 0-1: Ball 1-1: Ball 2-1: Swinging Strike 2-2: Ball Wild Pitch! Tim Anderson to third Felipe Gomez to second 3-2: Strikes out swinging
|
Batting: RHB Scott Lister
|
0-0: Ground out 6-3 (Groundball, 56, EV 83.8 MPH)
|
Top of the 9th over - 0 runs, 0 hits, 1 error, 2 left on base; Oakland 4 - Colorado 3 |
BOTTOM OF THE 9TH |
Colorado Avalanche batting - Pitching for Oakland Oaks : RHP Hisatada Sekiguchi
|
Pitching: RHP Charlie Shook
|
|
Now at 3B: David Sharp
|
|
Batting: LHB Michael Krott
|
0-0: Ball 1-0: Foul Ball, location: 2F 1-1: Ball 2-1: Fly out, F7 (Line Drive, 7, EV 99.4 MPH)
|
Pinch Hitting: LHB Harry Folsom
|
0-0: Called Strike 0-1: Ball 1-1: Fly out, F3 (Popup, 3DF, EV 52.5 MPH)
|
Pinch Hitting: LHB Nick Rooney
|
0-0: Called Strike 0-1: Swinging Strike 0-2: Foul Ball, location: 2F 0-2: Strikes out swinging
|
Bottom of the 9th over - 0 runs, 0 hits, 0 errors, 0 left on base; Oakland 4 - Colorado 3 |
|